 Dungeon Crawl Stone Soup version 0.31-a0-799-g6bc09d010c (webtiles) character file.

Game seed: 16175251698426742671

265164 MackTheKnife the Sorcerer (level 19, 0/133 HPs)
             Began as a Deep Elf Wanderer on Sept 17, 2023.
             Was a High Priest of Ashenzari.
             Shot with a bolt by a yaktaur captain (25 damage)
             ... on level 3 of the Vaults on Sept 19, 2023.
             The game lasted 01:29:08 (47637 turns).

MackTheKnife the Sorcerer (Deep Elf Wanderer)      Turns: 47637, Time: 01:29:08

Health: 0/133      AC: 17    Str: 19    XL:     19   Next: 29%
Magic:  3/49       EV: 20    Int: 29    God:    Ashenzari [*****.]
Gold:   2156       SH: 25    Dex: 23    Spells: 15/67 levels left

rFire   + . .        Z - +10 long sword of Exquisite Torment {heavy, *Noise rF+ rC+ Str+6, long}
rCold   + + .        A - +5 kite shield of Cremastomancy {rC+, Alch, Elem} (curse)
rNeg    . . .        H - +1 ring mail "Omission of Ashenzari" {rPois Str+6, Self, Comp} (curse)
rPois   +            F - +0 helmet "Tethered Fetters" {Bglg, Fort} (curse)
rElec   +            i - +2 cloak of the All-seeing Cosmos {rCorr, Comp, Elem} (curse)
rCorr   +            I - +1 pair of gloves "Share My Scepticism" {Dex+3, Cun, Self} (curse)
SInv    +            U - +0 pair of boots "Chained Urgency" {Dev, Fort} (curse)
Will    +++..        N - amulet "Overhang to Understand" {Reflect rElec Will+ Str-2 Int+3 SH+5, Elem, Cun} (curse)
Stlth   ++++         a - ring of willpower
HPRegen 0.42/turn    B - ring of Ashenzari's Comet {Dex+6, Self, Fort} (curse)
MPRegen 0.31/turn

%: reflection, clarity
@: no status effects
A: no striking features
}: 2/15 runes: serpentine, barnacled
a: Renounce Religion, Shatter the Chains


You were on level 3 of the Vaults.
You worshipped Ashenzari.
Ashenzari was extremely pleased with you.
You visited 6 branches of the dungeon, and saw 33 of its levels.
You visited the Abyss 1 time.
You also visited: Ice Cave.

You collected 4809 gold pieces.
You spent 2653 gold pieces at shops.


   Skills:
 - Level 15.3(19.3) Fighting
 - Level 6.0 Short Blades
 - Level 2.9 Maces & Flails
 - Level 6.5(10.7) Armour
 + Level 10.0(13.1) Dodging
 - Level 5.0(8.0) Stealth
 - Level 10.9(15.1) Shields
 - Level 21.1(24.8) Spellcasting
 - Level 11.7(13.8) Conjurations
 - Level 9.4(12.6) Summonings
 - Level 13.1(17.2) Ice Magic
 - Level 5.3(9.3) Earth Magic
 - Level 8.3(10.5) Evocations


You had 15 spell levels left.
You knew the following spells:

 Your Spells              Type           Power      Damage    Failure   Level
a - Freeze                Ice            100%       1d10      0%          1
b - Hailstorm             Conj/Ice       90%        3d18      0%          3
c - Stone Arrow           Conj/Erth      100%       3d13      1%          3
d - Ozocubu's Refrigerat  Ice            47%        4d17      1%          7
e - Ozocubu's Armour      Ice            94%        N/A       0%          3
f - Frozen Ramparts       Ice            100%       1d16      0%          3
g - Lee's Rapid Deconstr  Erth           37%        3d18*     1%          5
h - Spellforged Servitor  Conj/Summ      42%        N/A       8%          7
i - Leda's Unmaking       Conj/Erth      40%        9d7       2%          6
j - Simulacrum            Ice/Necr       36%        N/A       9%          6
k - Lehudib's Crystal Sp  Conj/Erth      40%        10d10     75%         8

Your spell library contained the following spells:

 Spells                   Type           Power      Damage    Failure   Level
 Kiss of Death            Conj/Necr      100%       2d13      1%          1
 Slow                     Hex            100%       N/A       1%          1
 Animate Armour           Summ/Erth      100%       N/A       1%          4
 Flame Wave               Conj/Fire      67%        2d15      1%          4
 Iskenderun's Mystic Bla  Conj/Tloc      67%        2d14      1%          4
 Sticky Flame             Conj/Fire      67%        2d8       1%          4
 Summon Ice Beast         Ice/Summ       89%        N/A       1%          4
 Iskenderun's Battlesphe  Conj           86%        2d13      1%          5
 Wereblood                Tmut           37%        N/A       2%          2
 Leda's Liquefaction      Hex/Erth       29%        N/A       2%          4
 Irradiate                Conj/Tmut      33%        3d22      3%          5
 Summon Mana Viper        Hex/Summ       65%        N/A       3%          5
 Inner Flame              Hex/Fire       38%        N/A       4%          3
 Vampiric Draining        Necr           38%        2d8       4%          3
 Volatile Blastmotes      Fire/Tloc      76%        2d16      4%          3
 Summon Forest            Summ/Tloc      32%        N/A       4%          5
 Confusing Touch          Hex            37%        N/A       5%          3
 Sigil of Binding         Hex            37%        N/A       5%          3
 Tukima's Dance           Hex            37%        N/A       5%          3
 Monstrous Menagerie      Summ           41%        N/A       10%         7
 Summon Hydra             Summ           41%        N/A       10%         7
 Dispel Undead            Necr           38%        3d16      17%         4
 Dimensional Bullseye     Hex/Tloc       18%        N/A       19%         4
 Olgreb's Toxic Radiance  Pois           37%        N/A       19%         4
 Polar Vortex             Ice            47%        12d6*     86%         9
 Eringya's Noxious Bog    Tmut/Pois      18%        4d6       95%         6
 Discord                  Hex            18%        N/A       100%        8
 Ignition                 Fire           19%        3d7       100%        8

Inventory:

Hand Weapons
 Z - the +10 long sword of Exquisite Torment (weapon) {heavy, *Noise rF+ rC+ Str+6, long}
   (You found it on level 3 of the Vaults)

   Str+6:     It affects your strength (+6).
   rF+:       It protects you from fire.
   rC+:       It protects you from cold.
   *Noise:    It may make a loud noise when swung.
Armour
 i - the cursed +2 cloak of the All-seeing Cosmos (worn) {rCorr, Comp, Elem}
   (You took it off Maurice on level 8 of the Dungeon)

   It has a curse which improves the following skills: Companions: Summonings
   and Necromancy.
   Elements:  Fire Magic, Ice Magic, Air Magic and Earth Magic.
 A - the cursed +5 kite shield of Cremastomancy (worn) {rC+, Alch, Elem}
   (You took it off a merfolk javelineer on level 4 of the Shoals)

   rC+:       It protects you from cold.
   It has a curse which improves the following skills: Alchemy: Poison Magic and
   Transmutations.
   Elements:  Fire Magic, Ice Magic, Air Magic and Earth Magic.
 F - the cursed +0 helmet "Tethered Fetters" (worn) {Bglg, Fort}
   (You found it in an ice cave)

   It has a curse which improves the following skills: Beguiling: Conjurations,
   Hexes and Translocations.
   Fortitude: Armour and Shields.
 H - the cursed +1 ring mail "Omission of Ashenzari" (worn) {rPois Str+6, Self, Comp}
   (You found it on level 14 of the Dungeon)

   Str+6:     It affects your strength (+6).
   rPois:     It protects you from poison It has a curse which improves the
   following skills: Introspection: Fighting and Spellcasting.
   Companions: Summonings and Necromancy.
 I - the cursed +1 pair of gloves "Share My Scepticism" (worn) {Dex+3, Cun, Self}
   (You found it on level 1 of the Lair of Beasts)

   It has a curse which improves the following skills: Cunning: Dodging and
   Stealth.
   Introspection: Fighting and Spellcasting.
 U - the cursed +0 pair of boots "Chained Urgency" (worn) {Dev, Fort}
   (You found it on level 1 of the Snake Pit)

   It has a curse which improves the following skills: Devices: Evocations and
   Shapeshifting.
   Fortitude: Armour and Shields.
 X - a +1 helmet
   (You bought it in a shop on level 4 of the Snake Pit)
Magical Staves
 c - the staff "Impslayer" {Dex+3 Stlth+ Earth, !astaff}
   (You found it on level 15 of the Dungeon)

   [staff of earth]

   Base accuracy: +5 Base damage: 5 Base attack delay: 1.2 This weapon's minimum
   attack delay (0.6) is reached at skill level 12.
   Dex+3:     It affects your dexterity (+3).
   Stlth+:    It makes you more stealthy.
   Earth:     It increases the power of your Earth spells.
   It falls into the 'Staves' category.
   It is a one-handed weapon.
Jewellery
 a - a ring of willpower (left hand)
   (You found it on level 1 of the Lair of Beasts)
 B - the cursed ring of Ashenzari's Comet (right hand) {Dex+6, Self, Fort}
   (You found it on level 4 of the Dungeon)

   [ring of dexterity]

   Dex+6:     It affects your dexterity (+6).
   It has a curse which improves the following skills: Introspection: Fighting
   and Spellcasting.
   Fortitude: Armour and Shields.
 N - the cursed amulet "Overhang to Understand" (around neck) {Reflect rElec Will+ Str-2 Int+3 SH+5, Elem, Cun}
   (You found it on level 15 of the Dungeon)

   [amulet of reflection]

   Reflect:   It reflects blocked missile attacks.
   Str-2:     It affects your strength (-2).
   Int+3:     It affects your intelligence (+3).
   rElec:     It insulates you from electricity.
   Will+:     It increases your willpower.
   SH+5:      It affects your SH (+5).
   It has a curse which improves the following skills: Elements: Fire Magic, Ice
   Magic, Air Magic and Earth Magic.
   Cunning:   Dodging and Stealth.
Wands
 e - a wand of paralysis (19)
   (You found it on level 1 of the Lair of Beasts)
 h - a wand of mindburst (9)
   (You found it on level 1 of the Shoals)
 x - a wand of polymorph (4)
   (You found it on level 13 of the Dungeon)
 D - a wand of acid (10)
   (You took it off a centaur on level 14 of the Dungeon)
 M - a wand of flame (10)
   (You found it on level 2 of the Shoals)
 T - a wand of roots (6)
   (You found it on level 2 of the Vaults)
Scrolls
 d - 3 scrolls of amnesia
 f - 6 scrolls of poison {!r}
 l - 4 scrolls of fear
 n - 4 scrolls of torment {!r}
 o - 3 scrolls of revelation
 p - 3 scrolls of brand weapon
 q - 14 scrolls of teleportation {@r4}
 t - 3 scrolls of fog
 y - 2 scrolls of butterflies
 z - 5 scrolls of immolation {!r!r}
 K - 5 scrolls of blinking {!r}
 P - 2 scrolls of vulnerability {!r!r}
 Q - 3 scrolls of enchant weapon
Potions
 b - 5 potions of brilliance
 g - 4 potions of haste {@q3}
 k - 5 potions of heal wounds {@q2}
 m - 5 potions of lignification {!q}
 r - 3 potions of cancellation
 s - 6 potions of mutation {!q}
 v - 14 potions of curing {@q1}
 w - 6 potions of enlightenment
 C - a potion of attraction {!q}
 G - 4 potions of might
 J - 5 potions of resistance
 L - a potion of berserk rage {!q}
 R - a potion of ambrosia
Miscellaneous
 E - a phial of floods
   (You found it on level 5 of the Lair of Beasts)
 S - a lightning rod (4/4)
   (You found it on level 4 of the Shoals)
 W - a phantom mirror (inert)
   (You found it on level 3 of the Snake Pit)
 Y - a box of beasts (inert)
   (You found it on level 2 of the Vaults)

Dungeon Overview and Level Annotations

Branches:
Dungeon (15/15) Zot: 25222  Temple (0/1) D:7            Lair (5/5) D:10 Zot: 21307
 Shoals (4/4) Lair:3 Zot: 18294   Snake (4/4) Lair:3 Zot: 18282   Slime (0/5) Lair:4
    Orc (2/2) D:11 Zot: 8887     Elf (0/3) Orc:2        Vaults (3/5) D:13 Zot: 13093
  Crypt (0/3) Vaults:2     Depths (0/4) D:15          IceCv (visited)

Altars:
Ashenzari
Cheibriados
Dithmenos
Elyvilon
Fedhas
Gozag
Kikubaaqudgha
Makhleb
Qazlal
Ru
Wu Jian
Xom
Yredelemnul
Zin
The Shining One

Shops:
D:6 !=::   D:13 (:   Orc:2 *:(?   Snake:1 ?   Snake:4 [

Annotations:
D:8 Jeremiah
D:9 3 runed translucent doors
D:14 Rupert
Snake:1 2 transporters
Vaults:3 3 runed translucent doors, Nitziur's ghost, adept DrCj

#.....(.....#.......# *,o#*,,
#....###....+.##.##.# **++##,,
#.....#....)#.##.##.# *,.C.#,,
#...........#.......# *,{o.##*
#################+######:.....,
#......#..)).....#......,
#......#......H).'......,
########......#...).....#######*
#......#......+@....)...#
#......#......#..o.))...#
#......'......#.9...)...#
#......#......+....c..[.# ####
#......#......+.........# #...
#......#......###+####++#####...
########......#
#.........[รท+).. #......#
#...........+... #......#
#..........รท##..


You could see a yaktaur captain, an orc knight (ally target), a friendly mature
shockox beast (summoned) and a friendly spellforged servitor (summoned).


Message History

You swap places.
The orc knight no longer looks unusually strong.
Your spellforged servitor casts a spell at the vault warden.
The entropic shot misses the vault warden. ๐Ÿ˜• HP[+1] Unknown command.
Casting: Spellforged Servitor (dangerous; 8% risk of failure)
Confirm with . or Enter, or press ? or * to list all spells.
The heat is drained from your surroundings.
You kill the orc knight!
The yaktaur captain wields a +0 arbalest.
The yaktaur captain shoots a bolt.
The bolt misses your spellforged servitor.
The bolt misses you.
The vault warden misses you. ๐Ÿ˜• MP[-7]
You lost 7 mp, and now have 5/49 mp.
Casting: Ozocubu's Refrigeration (dangerous; 1% risk of failure)
Confirm with . or Enter, or press ? or * to list all spells.
You don't have enough magic to cast this spell.
You closely miss the orc knight. You block the orc knight's attack.
The yaktaur captain shoots a bolt.
The bolt hits your spellforged servitor!!
Your spellforged servitor gestures at the vault warden while chanting.
The entropic shot hits the vault warden!!
The vault warden dissolves into mud!
The vault warden dies!
The runic seals fade away.
You block the orc knight's attack.
The yaktaur captain shoots a bolt.
The bolt hits your spellforged servitor!! ๐Ÿ˜• HP[+1] MP[+1] Unknown command.
You closely miss the orc knight. The orc knight misses you.
The yaktaur captain shoots a bolt.
The bolt hits your spellforged servitor!!!
Your spellforged servitor is destroyed!
Your spellforged servitor disappears in a puff of smoke!
You block the orc knight's attack. ๐Ÿ˜• HP[+1] Unknown command.
You slash the ettin! You block the orc knight's attack.
You block the ettin's attack. x2; The orc knight completely misses you.
You block the ettin's attack.
The ettin hits you but does no damage. ๐Ÿ˜• HP[+1] MP[+1]
You barely miss the ettin. You block the orc knight's attack.
The ettin misses you. You block the ettin's attack.
You block the orc knight's attack. The ettin misses you.
You block the ettin's attack. ๐Ÿ˜• MP[+1]
You barely miss the ettin. You block the orc knight's attack.
The ettin misses you. The ettin closely misses you.
The yaktaur captain unwields a +0 arbalest.
The yaktaur captain hits you! The orc knight closely misses you.
You block the ettin's attack.
The ettin hits you with a +0 dire flail!!!
* * * LOW HITPOINT WARNING * * *
๐Ÿ˜จ HP[-52]
You take 52 damage, and now have 61/133 hp.
MASSIVE DAMAGE!! (PAUSE)
You open the lid... ...and a mature shockox beast leaps out!
The box is emptied!
You block the yaktaur captain's attack. You block the orc knight's attack.
You block the ettin's attack.
The ettin closely misses you. ๐Ÿ˜จ HP[+1] MP[+1] Unknown command.
You swap places.
The yaktaur captain wields a +0 arbalest.
The yaktaur captain shoots a bolt.
The bolt hits your mature shockox beast!!
The orc knight attacks as it pursues you!
The orc knight hits you with a +1 long sword of electrocution!
* * * LOW HITPOINT WARNING * * *
The ettin hits your mature shockox beast with a +0 dire flail!!
The ettin hits your mature shockox beast but does no damage.
Your mature shockox beast bursts into living lightning!
The living lightning hits the ettin!
The ettin dies!
Your mature shockox beast blinks!
Your base Dodging skill increases to level 10!
Unknown command. ๐Ÿ˜จ HP[-10]
You take 10 damage, and now have 52/133 hp.
Unknown command.
Casting: Ozocubu's Refrigeration (dangerous; 1% risk of failure)
Confirm with . or Enter, or press ? or * to list all spells.
You summon a servant imbued with your destructive magic!
The yaktaur captain shoots a bolt.
The bolt hits you!!
* * * LOW HITPOINT WARNING * * *
You block the orc knight's attack. ๐Ÿ˜ฑ HP[-28] MP[-7]
You take 28 damage, and now have 24/133 hp.
MASSIVE DAMAGE!! (PAUSE)
You lost 7 mp, and now have 2/49 mp.
The yaktaur captain shoots a bolt.
You block the bolt with an invisible shield... and reflect it back!
The bolt hits the yaktaur captain!!! ๐Ÿ˜ฑ HP[+1] Unknown command.
The yaktaur captain shoots a bolt.
The bolt hits you!!
You die...

Skill      XL: |  1  2  3  4  5  6  7  8  9 10 11 12 13 14 15 16 17 18 19 |
---------------+----------------------------------------------------------+-----
Stealth        | 1 2 5 |  5.0
Spellcasting   | 2 3 4 5 6 8 9 10 14 16 17 19 21 | 21.1
Ice Magic      | 2 4 5 9 12 13 | 13.1
Conjurations   | 2 3 4 6 9 11 | 11.7
Dodging        | 3 6 8 10 | 10.0
Earth Magic    | 4 5 |  5.3
Fighting       | 4 6 9 11 14 15 | 15.3
Armour         | 6 |  6.5
Evocations     | 8 |  8.3
Short Blades   | 3 6 |  6.0
Summonings     | 6 9 |  9.4
Shields        | 3 10 | 10.9
Maces & Flails | |  2.9

Action                     |  1- 3 |  4- 6 |  7- 9 | 10-12 | 13-15 | 16-18 | 19-21 || total
---------------------------+-------+-------+-------+-------+-------+-------+-------++-------
  Melee: Flail             |     5 |       |       |       |       |       |       ||     5
         Dagger            |     2 |    24 |       |       |       |       |       ||    26
         Unarmed           |    14 |    25 |       |       |       |       |       ||    39
         Whip              |       |    20 |    49 |       |       |       |       ||    69
         Punch             |       |     1 |     1 |     2 |       |       |       ||     4
         Rapier            |       |       |    17 |   214 |   218 |   191 |    18 ||   658
         Long sword        |       |       |       |       |       |       |    16 ||    16
   Cast: Freeze            |    28 |    55 |    73 |     3 |       |       |       ||   159
         Hailstorm         |       |     6 |    34 |     6 |       |       |       ||    46
         Stone Arrow       |       |       |    71 |   190 |   183 |     2 |       ||   446
         Ozocubu's Refrige |       |       |       |    42 |   222 |   159 |    15 ||   438
         Lee's Rapid Decon |       |       |       |       |     4 |     3 |       ||     7
         Spellforged Servi |       |       |       |       |    24 |   108 |    13 ||   145
         Leda's Unmaking   |       |       |       |       |    11 |    39 |     2 ||    52
         Summon Forest     |       |       |       |       |     1 |       |       ||     1
         Simulacrum        |       |       |       |       |       |    12 |     1 ||    13
         Ozocubu's Armour  |       |       |       |       |       |     8 |       ||     8
 Invoke: Curse Item        |       |       |     3 |     5 |     3 |     4 |     1 ||    16
         Shatter the Chain |       |       |       |     1 |     2 |     4 |     1 ||     8
  Evoke: Wand              |       |       |     7 |     5 |     2 |    15 |       ||    29
         Phial of floods   |       |       |       |       |     1 |     1 |       ||     2
         Phantom mirror    |       |       |       |       |       |     3 |     1 ||     4
         Box of beasts     |       |       |       |       |       |       |     1 ||     1
    Use: Potion            |     1 |     2 |     1 |     5 |     1 |     1 |       ||    11
         Scroll            |       |       |    14 |     5 |     2 |     1 |       ||    22
   Stab: Sleeping          |     2 |       |     3 |       |     1 |       |       ||     6
         Paralysed         |       |       |       |     3 |       |       |       ||     3
         Petrified         |       |       |       |    10 |       |       |       ||    10
         Distracted        |       |       |       |       |     1 |     3 |     1 ||     5
 Armour: Robe              |    16 |    45 |    46 |       |       |       |       ||   107
         Skin              |    14 |    42 |       |       |       |       |       ||    56
         Troll leather arm |       |       |    32 |   172 |   117 |       |       ||   321
         Ring mail         |       |       |       |       |    25 |   143 |    19 ||   187
  Dodge: Dodged            |    14 |    45 |    97 |   277 |   217 |   156 |    26 ||   832
  Block: Other             |       |     6 |    25 |    87 |    13 |       |       ||   131
         Reflection        |       |       |     2 |     4 |    18 |    86 |     9 ||   119
         Buckler           |       |       |       |       |   157 |    31 |       ||   188
         Kite shield       |       |       |       |       |       |   347 |    55 ||   402

Levels and vault maps discovered:
D:1:      elethiomel_arrival_infinity_welcomes_careful_drivers,
          layout_loops_cross, serial_glass, glass_columns_a, glass_columns_b,
          glass_columns_a, glass_columns_b,
          shapermc_ecumenical_altar_mp_urbaneastern
D:2:      layout_loops_corners, basic_altar
D:3:      layout_rooms, kennysheep_pointless_box, uniq_terence, uniq_grinder
D:4:      layout_basic, grunt_ministairs_12, minmay_fractal_squares_gapless_5,
          uniq_eustachio, uniq_edmund
D:5:      layout_basic, ashenzari_altar_1
D:6:      layout_basic, nicolae_elyvilon_temple_path,
          nicolae_overflow_hallway_of_the_gods, serial_shops, shop_fountains,
          nicolae_shop_behind_doors, shop, nicolae_shop_real_fake_doors
D:7:      layout_basic, yredelemnul_altar_generic, temple_statues,
          serial_bayou_crossing, uniq_duvessa, uniq_prince_ribbit1
D:8:      layout_loops_ring, nzn_wu_jian_council_hall, st_stairs_9,
          uniq_maurice, uniq_jeremiah
D:9:      layout_cave_pods, ploomutoo_gammafunk_ghost_potion_laboratory,
          minivault_5, uniq_harold
D:10:     layout_roguey, grunt_lair_entry_orc_guard_hut, serial_ice,
          serial_ice_i, serial_ice_g, serial_ice_b, serial_ice_a, serial_ice_c,
          serial_ice_d, serial_ice_n, serial_ice_h, serial_ice_f, serial_ice_e
D:11:     layout_rooms, minmay_orc_entry_guard_dogs,
          portal_ice_cave_entry_pillars_1, uniq_gastronok, uniq_sonja,
          uniq_fannar
D:12:     layout_grid_maze, corexii_corridor_pit
D:13:     layout_cave_pools, hangedman_vaults_entry_quadrant_bands,
          serial_shops, shop, nicolae_shop_crystal
D:14:     layout_basic, hangedman_ru_absence, uniq_azrael, uniq_snorg,
          uniq_rupert
D:15:     grunt_enter_depths_snipers, layout_irregular_city,
          minmay_strange_pillars, nicolae_gozag_seed_capital
Lair:1:   minmay_lair_oklob_chamber, layout_gridlike, serial_bayou_pond_d,
          serial_bayou_shore_b, infiniplex_staircase_pool, grunt_megastairs_4,
          uniq_urug
Lair:2:   layout_cave_pods
Lair:3:   layout_loops_ring, shoals_dummy_entry, dummy_snake_entry
Lair:4:   layout_gridlike, slime_entry_1, basic_altar
Lair:5:   gammafunk_lair_ancient_temple, layout_regular_city
Shoals:1: layout_shoals
Shoals:2: layout_shoals, nicolae_shoals_land_atoll, uniq_ilsuiw, uniq_kirke
Shoals:3: layout_shoals, uniq_polyphemus, uniq_mlioglotl
Shoals:4: shoals_end_hellmonk_holy_island
Snake:1:  gammafunk_its_a_trap, layout_misc_corridors, serial_shops, shop,
          basic_altar, grunt_megastairs_2
Snake:2:  layout_cave_shapes
Snake:3:  layout_basic, gammafunk_ghost_split, abandoned_shop
Snake:4:  minmay_snake_end_coiled, layout_onion, serial_shops, shop, drop_trap,
          serial_bayou_shore_b
Orc:1:    layout_caves
Orc:2:    st_orc_ogre_mass, layout_caves, basic_altar, uniq_saint_roka
Vaults:1: grunt_vaults_swirl, hangedman_vaults_maws,
          nicolae_vaults_double_plus_1, ontoclasm_vaults_idyll,
          hangedman_vaults_trim, v_misc_17, nicolae_vaults_puzzle_piece,
          layout_vaults_ring, uniq_donald, uniq_zenata
Vaults:2: nicolae_vaults_puzzle_piece, v_misc_12,
          minmay_crypt_entry_simple_round, nicolae_vaults_tetromino_Z_2,
          vaults_room_hangedman_quadrants, vaults_room_pool,
          nicolae_vaults_trapezoid_lopsided_3, layout_vaults_omnigrid,
          uniq_margery
Vaults:3: ebering_ghost_rock_garden, ontoclasm_vaults_shuriken,
          nicolae_vaults_house_3, nicolae_vaults_shrinking_rooms_2,
          nicolae_vaults_shipping_containers_7, nicolae_vaults_little_ls,
          vaults_room_fours, nicolae_vaults_specimen_jars,
          nicolae_vaults_network_square, v_misc_8, nicolae_vaults_apartment_2,
          v_alt_pattern_6, nicolae_vaults_double_plus_2, layout_vaults_omnibox,
          uniq_jory, uniq_bai_suzhen

Notes
Turn   | Place    | Note
-------+----------+-------------------------------------------
     0 | D:1      | MackTheKnife the Deep Elf Wanderer began the quest for the
                  | Orb.
     0 | D:1      | MackTheKnife set off with the following items: a +0 flail
                  | {mace}, a +0 scale mail, a potion of lignification {!q};
                  | and the following spell memorised: Freeze; and the
                  | following spells available to memorise: Hailstorm.
     0 | D:1      | Reached XP level 1. HP: 12/12 MP: 5/5
     0 | D:1      | magus.rc [v1.9.6]
   296 | D:1      | Reached skill level 1 in Stealth
   296 | D:1      | Reached skill level 2 in Spellcasting
   384 | D:1      | Reached XP level 2. HP: 15/16 MP: 5/7
   697 | D:1      | You fall into a shaft and drop 1 floor!
   769 | D:2      | Reached skill level 2 in Stealth
   769 | D:2      | Reached skill level 2 in Ice Magic
   769 | D:2      | Reached XP level 3. HP: 18/20 MP: 4/8
   840 | D:2      | Reached skill level 3 in Spellcasting
   998 | D:2      | Reached XP level 4. HP: 16/25 MP: 6/10
  1033 | D:2      | Learned a level 3 spell: Hailstorm
  1046 | D:2      | Found a basalt altar of Yredelemnul.
  1861 | D:2      | Identified the +4 pair of gloves of Lugonu's Esteem {Harm
                  | rF- Int+4 Dex+3}
  1961 | D:3      | Noticed Terence
  2047 | D:3      | Killed Terence
  2048 | D:3      | Reached skill level 1 in Conjurations
  2048 | D:3      | Reached skill level 3 in Ice Magic
  2145 | D:3      | Noticed Grinder
  2171 | D:3      | Paralysed by Grinder for 4 turns
  2196 | D:3      | Paralysed by Grinder for 4 turns
  2201 | D:3      | Killed Grinder
  2202 | D:3      | Reached skill level 4 in Spellcasting
  2202 | D:3      | Reached skill level 2 in Conjurations
  2202 | D:3      | Reached skill level 4 in Ice Magic
  2202 | D:3      | Reached XP level 5. HP: 20/29 MP: 12/14
  2202 | D:3      | Reached XP level 6. HP: 24/34 MP: 12/15
  2317 | D:3      | Reached skill level 5 in Spellcasting
  2320 | D:3      | Reached skill level 3 in Conjurations
  2922 | D:4      | Reached XP level 7. HP: 38/38 MP: 10/17
  2972 | D:4      | Reached skill level 6 in Spellcasting
  3078 | D:4      | Reached skill level 4 in Conjurations
  3081 | D:4      | Reached skill level 5 in Ice Magic
  3422 | D:4      | Noticed Edmund
  3434 | D:4      | Killed Edmund
  3435 | D:4      | Reached skill level 2 in Dodging
  3435 | D:4      | Reached skill level 3 in Stealth
  3571 | D:4      | Reached skill level 4 in Stealth
  3684 | D:4      | Noticed Eustachio
  3709 | D:4      | Killed Eustachio
  3710 | D:4      | Reached skill level 3 in Dodging
  3710 | D:4      | Reached skill level 5 in Stealth
  3710 | D:4      | Reached XP level 8. HP: 32/43 MP: 1/19
  3861 | D:4      | Reached skill level 4 in Dodging
  3934 | D:5      | Entered Level 5 of the Dungeon
  4050 | D:5      | Found a broken altar of Ashenzari.
  4060 | D:5      | Became a worshipper of Ashenzari the Shackled
  4196 | D:5      | Reached skill level 5 in Dodging
  4279 | D:5      | Noticed a troll
  4286 | D:5      | Killed a troll
  4287 | D:5      | Reached skill level 6 in Dodging
  4653 | D:5      | You pick up a book of Armaments and begin reading...
  4653 | D:5      | You add the spells Stone Arrow, Animate Armour and
                  | Lehudib's Crystal Spear to your library.
  4747 | D:5      | Learned a level 3 spell: Stone Arrow
  4794 | D:5      | Reached skill level 1 in Earth Magic
  5048 | D:6      | Found Qifourcho's Book Shoppe.
  5070 | D:6      | Found a glowing golden altar of the Shining One.
  5078 | D:6      | Found a snail-covered altar of Cheibriados.
  5079 | D:6      | Found a stormy altar of Qazlal.
  5081 | D:6      | Found a shimmering altar of Xom.
  5081 | D:6      | Found a shadowy altar of Dithmenos.
  5082 | D:6      | Found a burning altar of Makhleb.
  5089 | D:6      | Found a blossoming altar of Fedhas.
  5124 | D:6      | Found Miaz's Distillery.
  5132 | D:6      | Reached skill level 2 in Earth Magic
  5175 | D:6      | Bought a potion of heal wounds for 65 gold pieces
  5175 | D:6      | Bought a potion of heal wounds for 65 gold pieces
  5175 | D:6      | Bought a potion of curing for 39 gold pieces
  5175 | D:6      | Bought a potion of curing for 39 gold pieces
  5222 | D:6      | Reached skill level 5 in Conjurations
  5322 | D:6      | Found Akeyloh's Jewellery Boutique.
  5517 | D:6      | Found Curaom's Book Boutique.
  5525 | D:6      | Reached * piety under Ashenzari
  5525 | D:6      | Identified a scroll of acquirement
  5527 | D:6      | Acquired 640 gold pieces
  5652 | D:6      | Found a white marble altar of Elyvilon.
  5655 | D:6      | Reached skill level 3 in Earth Magic
  5826 | D:7      | Found a staircase to the Ecumenical Temple.
  5830 | D:7      | You add the spells Ozocubu's Armour and Ozocubu's
                  | Refrigeration to your library.
  5914 | D:7      | Reached ** piety under Ashenzari
  5915 | D:7      | magus.rc [v1.9.6]
  6072 | D:7      | Found a basalt altar of Yredelemnul.
  6073 | D:7      | Noticed Prince Ribbit
  6079 | D:7      | Killed Prince Ribbit
  6080 | D:7      | Reached skill level 6 in Conjurations
  6080 | D:7      | Reached skill level 4 in Earth Magic
  6080 | D:7      | Reached XP level 9. HP: 41/48 MP: 9/22
  6275 | D:7      | Noticed Duvessa
  6275 | D:7      | Noticed Dowan
  6277 | D:7      | Killed Dowan
  6281 | D:7      | Killed Duvessa
  6518 | D:7      | Reached skill level 5 in Earth Magic
  7295 | D:8      | Reached skill level 7 in Spellcasting
  7316 | D:8      | Reached skill level 8 in Spellcasting
  7533 | D:8      | Reached skill level 2 in Fighting
  7735 | D:8      | Reached skill level 3 in Fighting
  7740 | D:8      | Noticed Maurice
  7744 | D:8      | Maurice stole a ring of protection from fire
  7760 | D:8      | Paralysed by Maurice for 5 turns
  7761 | D:8      | Maurice stole a +0 kite shield
  7762 | D:8      | Maurice stole 732 gold
  7764 | D:8      | Maurice stole 34 gold
  7765 | D:8      | Killed Maurice
  7766 | D:8      | Reached skill level 4 in Fighting
  7846 | D:8      | Found an ornate altar of the Wu Jian Council.
  7846 | D:8      | Noticed Jeremiah
  7996 | D:9      | Reached XP level 10. HP: 34/60 MP: 12/25
  7997 | D:9      | Reached skill level 5 in Fighting
  8184 | D:9      | Found a runed translucent gate.
  8184 | D:9      | Found a runed translucent gate.
  8184 | D:9      | Noticed a brown ugly thing
  8185 | D:9      | Found a runed translucent gate.
  8185 | D:9      | Noticed a cyclops
  8185 | D:9      | Noticed a cyan ugly thing
  8186 | D:9      | a cyclops changed into a fire crab
  8186 | D:9      | Noticed a fire crab (glowing shapeshifter)
  8186 | D:9      | Noticed a white ugly thing
  8187 | D:9      | Noticed a cyan ugly thing
  8188 | D:9      | Noticed a glowing orange brain
  8190 | D:9      | a fire crab changed into a spriggan
  8192 | D:9      | Noticed a faun
  8194 | D:9      | a faun changed into a steelbarb worm
  8194 | D:9      | Noticed a steelbarb worm (glowing shapeshifter)
  8198 | D:9      | a steelbarb worm changed into a wolf spider
  8198 | D:9      | Noticed a wolf spider (glowing shapeshifter)
  8250 | D:9      | Noticed an elephant
  8250 | D:9      | an elephant changed into a jumping spider
  8511 | D:9      | Noticed Harold
  8521 | D:9      | Killed Harold
  8522 | D:9      | Reached skill level 6 in Fighting
  9409 | D:9      | a hornet changed into a harpy
  9409 | D:9      | Noticed a harpy (glowing shapeshifter)
  9414 | D:9      | a harpy changed into a yaktaur
  9417 | D:9      | a yaktaur changed into a fire crab
  9417 | D:9      | Noticed a fire crab (glowing shapeshifter)
  9427 | D:10     | Entered Level 10 of the Dungeon
  9608 | D:10     | Reached skill level 6 in Ice Magic
  9623 | D:10     | Reached skill level 7 in Ice Magic
  9881 | D:10     | Reached skill level 8 in Ice Magic
 10238 | D:10     | Reached *** piety under Ashenzari
 10247 | D:10     | Learned a level 7 spell: Ozocubu's Refrigeration
 10307 | D:10     | Reached skill level 9 in Ice Magic
 10674 | D:10     | Found a staircase to the Lair.
 11043 | D:10     | Reached XP level 11. HP: 69/69 MP: 17/27
 11105 | D:10     | Reached skill level 3 in Armour
 11377 | D:11     | Noticed a two-headed ogre
 11380 | D:11     | Killed a two-headed ogre
 11381 | D:11     | Reached skill level 10 in Ice Magic
 11385 | D:11     | Found a frozen archway.
 11469 | D:11     | Noticed Sonja
 11471 | IceCv    | Entered an ice cave
 11483 | IceCv    | Reached skill level 4 in Armour
 11817 | IceCv    | Learned a level 3 spell: Ozocubu's Armour
 11831 | IceCv    | Noticed a death yak
 11831 | IceCv    | Noticed a death yak
 11881 | D:11     | You are cast into the Abyss!
 11881 | Abyss:1  | Cast into level 1 of the Abyss (Sonja)
 11897 | Abyss:1  | Reached **** piety under Ashenzari
 12009 | Abyss:1  | Noticed a wretched star
 12044 | Abyss:1  | Found a corrupted altar of Lugonu.
 12119 | Abyss:1  | Noticed a thrashing horror
 12198 | D:11     | You pass through the gate.
 12198 | D:11     | Escaped the Abyss
 12201 | D:11     | Killed Sonja
 12202 | D:11     | Reached skill level 5 in Armour
 12202 | D:11     | Reached skill level 11 in Ice Magic
 12228 | Lair:1   | Entered Level 1 of the Lair of Beasts
 12524 | Lair:1   | Found the +2 ratskin cloak {*Rats rPois rN+ Str-1 Int-1
                  | Dex+1}
 12560 | Lair:1   | Reached skill level 6 in Armour
 12658 | Lair:1   | Noticed Urug
 12669 | Lair:1   | Reached skill level 12 in Ice Magic
 12678 | Lair:1   | Killed Urug
 12690 | Lair:1   | HP: 24/106 [poisoned by a black mamba]
 12693 | Lair:1   | HP: 10/106 [poisoned by a black mamba]
 12694 | Lair:1   | Reached XP level 12. HP: 10/76 MP: 3/28
 12696 | Lair:1   | HP: 3/76 [poisoned by a black mamba]
 12804 | Lair:1   | Noticed a catoblepas
 12828 | Lair:1   | Killed a catoblepas
 13303 | Lair:1   | Reached skill level 9 in Spellcasting
 14017 | Lair:1   | Reached skill level 13 in Ice Magic
 14081 | Lair:1   | You pick up a book of the Earth and begin reading...
 14081 | Lair:1   | You add the spells Leda's Liquefaction, Lee's Rapid
                  | Deconstruction and Leda's Unmaking to your library.
 14187 | Lair:2   | Reached skill level 1 in Evocations
 14187 | Lair:2   | Noticed a catoblepas
 14190 | Lair:2   | Reached skill level 3 in Evocations
 14211 | Lair:2   | Killed a catoblepas
 14212 | Lair:2   | Reached skill level 4 in Evocations
 14414 | Lair:2   | Reached skill level 5 in Evocations
 14594 | Lair:2   | Noticed a five-headed hydra
 14598 | Lair:2   | Killed a five-headed hydra
 14599 | Lair:2   | Reached skill level 6 in Evocations
 14967 | Lair:2   | You pick up a book of Flames and begin reading...
 14967 | Lair:2   | You add the spells Inner Flame, Sticky Flame and Flame Wave
                  | to your library.
 15549 | Lair:3   | Reached skill level 7 in Evocations
 15604 | Lair:3   | Noticed a five-headed hydra
 15609 | Lair:3   | Killed a five-headed hydra
 15821 | Lair:3   | Reached skill level 8 in Evocations
 16006 | Lair:3   | Reached skill level 1 in Short Blades
 16016 | Lair:3   | Reached skill level 2 in Short Blades
 16142 | Lair:3   | Found a staircase to the Shoals.
 16275 | Lair:3   | Reached skill level 3 in Short Blades
 16289 | Lair:3   | Found a staircase to the Snake Pit.
 16306 | Lair:3   | Reached XP level 13. HP: 70/82 MP: 2/32
 16348 | Lair:3   | Reached skill level 4 in Short Blades
 16584 | Lair:3   | You pick up a book of Frost and begin reading...
 16589 | Lair:3   | Learned a level 3 spell: Frozen Ramparts
 16595 | Lair:3   | Learned a level 5 spell: Lee's Rapid Deconstruction
 17029 | Lair:3   | Reached skill level 5 in Short Blades
 17761 | Lair:4   | Found a staircase to the Slime Pits.
 17779 | Lair:4   | Reached skill level 6 in Short Blades
 18097 | Lair:4   | Found an ancient bone altar of Kikubaaqudgha.
 18107 | Lair:4   | Reached skill level 10 in Spellcasting
 18465 | D:6      | Bought a book of Ice for 600 gold pieces
 18465 | D:6      | You pick up a book of Ice and begin reading...
 18465 | D:6      | You add the spells Simulacrum and Polar Vortex to your
                  | library.
 18465 | D:6      | Bought a book of Power for 504 gold pieces
 18465 | D:6      | You pick up a book of Power and begin reading...
 18465 | D:6      | You add the spells Iskenderun's Battlesphere and
                  | Spellforged Servitor to your library.
 18473 | D:6      | Learned a level 7 spell: Spellforged Servitor
 18597 | Lair:5   | Entered Level 5 of the Lair of Beasts
 18666 | Lair:5   | Reached skill level 7 in Conjurations
 18666 | Lair:5   | Reached skill level 1 in Summonings
 18667 | Lair:5   | HP: 20/82 [poisoned by a cane toad]
 18817 | Lair:5   | Identified the +2 robe of Spring Thaw {Str+3 Dex+3 Stlth+}
 19017 | Lair:5   | Reached skill level 2 in Summonings
 19183 | Lair:5   | Reached skill level 1 in Shields
 19246 | Lair:5   | Noticed a dire elephant
 19266 | Lair:5   | Reached skill level 2 in Shields
 19273 | Lair:5   | Killed a dire elephant
 19302 | Lair:5   | Reached skill level 3 in Shields
 19636 | Lair:5   | Reached skill level 3 in Summonings
 19912 | Lair:5   | Identified the Cyclopedia of Scorching Silt
 19920 | Lair:5   | Reached skill level 8 in Conjurations
 20003 | Lair:5   | You add the spells Volatile Blastmotes and Ignition to your
                  | library.
 20084 | Lair:5   | Reached skill level 4 in Summonings
 20449 | Lair:5   | Reached skill level 5 in Summonings
 20947 | D:11     | Reached skill level 9 in Conjurations
 21284 | D:11     | Noticed Gastronok
 21356 | D:11     | Noticed Fannar
 21363 | D:11     | Killed Fannar
 21364 | D:11     | Reached skill level 6 in Summonings
 21851 | D:11     | Found a staircase to the Orcish Mines.
 21922 | Orc:1    | Entered Level 1 of the Orcish Mines
 22193 | Orc:1    | Reached XP level 14. HP: 88/88 MP: 18/33
 22301 | Orc:1    | Reached ***** piety under Ashenzari
 22478 | Orc:1    | Learned a level 6 spell: Leda's Unmaking
 22490 | Orc:2    | Entered Level 2 of the Orcish Mines
 22575 | Orc:2    | Reached skill level 10 in Conjurations
 22575 | Orc:2    | Reached skill level 7 in Summonings
 22764 | Orc:2    | Noticed an orc warlord
 22770 | Orc:2    | Killed an orc warlord
 23035 | Orc:2    | Reached skill level 8 in Summonings
 23241 | Orc:2    | Noticed Saint Roka
 23668 | Orc:2    | Reached skill level 11 in Conjurations
 23747 | Orc:2    | Killed Saint Roka
 23748 | Orc:2    | Reached skill level 9 in Summonings
 24447 | Orc:2    | Reached skill level 11 in Spellcasting
 24691 | Orc:2    | Found Ybawk's Magic Scroll Shoppe.
 24691 | Orc:2    | Found Tegaihej's Antique Weapon Shop.
 24692 | Orc:2    | Found Udikhlub's Book Shop.
 24692 | Orc:2    | Found Fecasuli's General Store.
 24699 | Orc:2    | Bought a scroll of blinking for 82 gold pieces
 24703 | Orc:2    | Bought a scorched short sword for 192 gold pieces
 24703 | Orc:2    | Identified the +0 short sword of Extermination {heavy,
                  | rElec rF++ rC- Stlth+} (You bought it in a shop on level 2
                  | of the Orcish Mines)
 24704 | Orc:2    | Bought a scroll of revelation for 90 gold pieces
 24705 | Orc:2    | Bought a Fen Folio for 588 gold pieces
 24705 | Orc:2    | You add the spells Summon Forest, Eringya's Noxious Bog and
                  | Summon Hydra to your library.
 24711 | Orc:2    | Learned a level 5 spell: Summon Forest
 24768 | Orc:2    | Reached skill level 12 in Spellcasting
 24847 | Orc:2    | Found a staircase to the Elven Halls.
 25072 | D:11     | Identified the +6 chain mail "Tixuocuu" {rElec rCorr Int-5
                  | Stlth+}
 25129 | D:11     | Killed Gastronok
 25606 | D:12     | Reached skill level 13 in Spellcasting
 26873 | D:13     | Reached skill level 14 in Spellcasting
 27112 | D:13     | Reached XP level 15. HP: 95/95 MP: 25/40
 27280 | D:13     | Found Golastif's Book Emporium.
 27402 | D:13     | Found Qifem's Weapon Shoppe.
 27542 | D:13     | Reached skill level 7 in Dodging
 27951 | D:13     | Found a gate to the Vaults.
 28121 | D:14     | Reached skill level 7 in Fighting
 28267 | D:14     | Noticed Azrael
 28272 | D:14     | Killed Azrael
 28353 | D:14     | Reached skill level 8 in Dodging
 28877 | D:14     | Identified the +5 flail of Peasch {flame, Str+4}
 28882 | D:14     | Noticed Snorg
 28887 | D:14     | Killed Snorg
 29061 | D:14     | Identified the +1 ring mail "Rar Leq" {rPois Str+6}
 29180 | D:14     | Noticed Rupert
 29196 | D:14     | Found a sacrificial altar of Ru.
 29255 | D:14     | You pick up a book of Power and begin reading...
 29473 | D:14     | magus.rc [v1.9.6]
 29505 | D:15     | Entered Level 15 of the Dungeon
 29613 | D:15     | Reached skill level 8 in Fighting
 29716 | D:15     | Found a staircase to the Depths.
 30195 | D:15     | Found an opulent altar of Gozag.
 30288 | D:15     | Identified the amulet "Errimal" {Reflect rElec Will+ Str-2
                  | Int+3 SH+5}
 30406 | D:15     | Identified the staff "Impslayer" {Dex+3 Stlth+ Earth}
 31126 | Snake:1  | Entered Level 1 of the Snake Pit
 31126 | Snake:1  | Found Sitoch's Magic Scroll Emporium.
 31129 | Snake:1  | Reached skill level 9 in Fighting
 31236 | Snake:1  | Found a blossoming altar of Fedhas.
 31239 | Snake:1  | Bought a scroll of blinking for 82 gold pieces
 31269 | Snake:1  | Found a transporter.
 31806 | Snake:1  | Identified the +4 scimitar of the Scavenger {freeze, Fly}
 31948 | Snake:1  | Identified the ring of Darkness {Fly rCorr}
 31948 | Snake:1  | Identified the +2 scale mail of Insecurity {Will+++ Str+3
                  | Int+2 Dex-2}
 31949 | Snake:1  | Found a transporter.
 31950 | Snake:1  | Identified the ring "Cuic" {Str+3 Slay+4}
 32419 | Snake:2  | You pick up a book of Power and begin reading...
 32553 | Snake:2  | Reached skill level 15 in Spellcasting
 33179 | Snake:2  | Reached skill level 16 in Spellcasting
 33315 | Snake:2  | Reached XP level 16. HP: 85/105 MP: 1/42
 33788 | Snake:2  | magus.rc [v1.9.6]
 33807 | Snake:3  | Found a runed translucent gate.
 33807 | Snake:3  | Found a runed translucent gate.
 33808 | Snake:3  | Found a runed translucent gate.
 33808 | Snake:3  | Noticed octothorp's ghost (journeyman MeHu)
 33819 | Snake:3  | Reached skill level 17 in Spellcasting
 34310 | Snake:3  | Upgraded the game from 0.31-a0-774-g0d66cbabe8 to
                  | 0.31-a0-795-g5eb97db20b
 34310 | Snake:3  | magus.rc [v1.9.6]
 34374 | Snake:3  | magus.rc [v1.9.6]
 34388 | Snake:3  | magus.rc [v1.9.6]
 34388 | Snake:3  | magus.rc [v1.9.6]
 34395 | Snake:3  | Learned a level 6 spell: Simulacrum
 34610 | Snake:3  | Reached skill level 4 in Shields
 35021 | Snake:3  | magus.rc [v1.9.6]
 35028 | Snake:3  | Reached skill level 5 in Shields
 35037 | Snake:3  | Killed octothorp's ghost
 35261 | Snake:4  | Entered Level 4 of the Snake Pit
 35309 | Snake:4  | magus.rc [v1.9.6]
 35356 | Snake:4  | Found Levis's Antique Armour Emporium.
 35364 | Snake:4  | Bought a runed helmet for 307 gold pieces
 35464 | Snake:4  | Reached skill level 6 in Shields
 36150 | Snake:4  | Learned a level 8 spell: Lehudib's Crystal Spear
 36207 | Snake:4  | Reached skill level 7 in Shields
 36232 | Snake:3  | Upgraded the game from 0.31-a0-795-g5eb97db20b to
                  | 0.31-a0-799-g6bc09d010c
 36232 | Snake:3  | magus.rc [v1.9.6]
 36471 | Snake:4  | Reached skill level 8 in Shields
 36799 | Snake:4  | Got a serpentine rune of Zot
 36999 | Shoals:1 | Entered Level 1 of the Shoals
 37053 | Shoals:1 | Reached skill level 9 in Shields
 37725 | Shoals:1 | Acquired 1012 gold pieces
 37776 | Shoals:1 | Reached skill level 10 in Shields
 37776 | Shoals:1 | Reached XP level 17. HP: 112/112 MP: 38/45
 38202 | Shoals:2 | Noticed Kirke
 38206 | Shoals:2 | Killed Kirke
 38346 | Shoals:2 | Noticed Ilsuiw
 38359 | Shoals:2 | Killed Ilsuiw
 38566 | Shoals:2 | You add the spells Olgreb's Toxic Radiance and Discord to
                  | your library.
 38719 | Shoals:2 | Reached ****** piety under Ashenzari
 38932 | Shoals:2 | Reached skill level 18 in Spellcasting
 39477 | Shoals:2 | magus.rc [v1.9.6]
 39684 | Shoals:3 | You pick up a book of Debilitation and begin reading...
 39684 | Shoals:3 | You add the spells Slow, Sigil of Binding, Vampiric
                  | Draining and Confusing Touch to your library.
 39820 | Shoals:3 | Reached skill level 19 in Spellcasting
 39978 | Shoals:3 | Noticed Polyphemus
 39995 | Shoals:3 | Killed Polyphemus
 40390 | Shoals:3 | Noticed Mlioglotl
 40397 | Shoals:3 | Killed Mlioglotl
 40398 | Shoals:3 | Reached skill level 10 in Fighting
 40653 | Shoals:4 | Entered Level 4 of the Shoals
 40828 | Shoals:4 | Identified the +8 glaive "Zimn" {spect, rF++ Str+3}
 41199 | Shoals:4 | Got a barnacled rune of Zot
 41246 | Shoals:4 | Reached skill level 11 in Fighting
 41548 | Shoals:4 | Reached XP level 18. HP: 80/124 MP: 8/48
 41579 | Shoals:4 | Reached skill level 12 in Fighting
 41796 | Shoals:4 | Identified the +5 kite shield of the Hidden Vale {rC+}
 41869 | Shoals:4 | Found a glowing golden altar of the Shining One.
 42026 | Shoals:4 | You pick up a book of Weapons and begin reading...
 42026 | Shoals:4 | You add the spells Tukima's Dance, Dimensional Bullseye and
                  | Iskenderun's Mystic Blast to your library.
 42033 | Shoals:4 | You pick up a book of Beasts and begin reading...
 42033 | Shoals:4 | You add the spells Summon Ice Beast, Summon Mana Viper and
                  | Monstrous Menagerie to your library.
 42203 | Shoals:4 | Found a glowing silver altar of Zin.
 42352 | Shoals:4 | You pick up a book of Changes and begin reading...
 42352 | Shoals:4 | You add the spells Wereblood and Irradiate to your library.
 42663 | Vaults:1 | Entered Level 1 of the Vaults
 42711 | Vaults:1 | Noticed Donald
 42720 | Vaults:1 | Killed Donald
 42762 | Vaults:1 | T - a +2 double sword of holy wrath {longrare=g}
 42972 | Vaults:1 | Reached skill level 13 in Fighting
 43679 | Vaults:1 | Identified the +3 buckler of Divine Compulsion {Will+
                  | Dex+3}
 44140 | Vaults:1 | Noticed Zenata
 44151 | Vaults:1 | Killed Zenata
 44152 | Vaults:1 | Reached skill level 14 in Fighting
 44154 | Vaults:1 | Z - a +3 executioner's axe {axerare=g}
 44236 | Vaults:1 | You drop a +2 double sword of holy wrath {longrare=g}.
 44237 | Vaults:1 | You drop a +3 executioner's axe {axerare=g}.
 44296 | Vaults:2 | Reached skill level 20 in Spellcasting
 45085 | Vaults:2 | Found a staircase to the Crypt.
 45316 | Vaults:2 | Reached skill level 21 in Spellcasting
 45411 | Vaults:2 | You pick up a book of Touch and begin reading...
 45411 | Vaults:2 | You add the spells Kiss of Death and Dispel Undead to your
                  | library.
 45700 | Vaults:2 | Identified the +6 rapier "Pendulum" {flame, Fly rC+}
 46081 | Vaults:2 | Reached XP level 19. HP: 111/132 MP: 38/49
 46324 | Vaults:2 | Noticed Margery
 46334 | Vaults:2 | Killed Margery
 46501 | Vaults:2 | Reached skill level 15 in Fighting
 46631 | Vaults:2 | +1 storm dragon scales {rare}; a +1 war axe of distortion
                  | {!waxe}
 46967 | Vaults:3 | magus.rc [v1.9.6]
 46991 | Vaults:3 | Identified the +10 long sword of Exquisite Torment {heavy,
                  | *Noise rF+ rC+ Str+6}
 47327 | Vaults:3 | Reached skill level 9 in Dodging
 47427 | Vaults:3 | Found a runed translucent gate.
 47427 | Vaults:3 | Found a runed translucent gate.
 47427 | Vaults:3 | Found a runed translucent gate.
 47430 | Vaults:3 | Noticed Nitziur's ghost (adept DrCj)
 47635 | Vaults:3 | Reached skill level 10 in Dodging
 47635 | Vaults:3 | HP: 24/133 [yaktaur captain/bolt (28)]
 47637 | Vaults:3 | Shot with a bolt by a yaktaur captain

Vanquished Creatures
  A sphinx (Vaults:2)
  Polyphemus (Shoals:3)
  Kirke (Shoals:2)
  Ilsuiw (Shoals:2)
  A nagaraja (Snake:4)
  A vault warden (Vaults:3)
  An angel (Shoals:4)
  An orc warlord (Orc:2)
  2 vampire knights
  2 ironbound preservers (Vaults:2)
  A deep elf demonologist (Vaults:2)
  2 dire elephants
  Snorg (D:14)
  4 merfolk impalers (Shoals:4)
  Harold (D:9)
  3 merfolk javelineers
  Fannar (D:11)
  A great orb of eyes (Vaults:2)
  3 hydras
  A rakshasa (D:14)
  4 ogre magi
  A merfolk aquamancer (Shoals:2)
  3 catoblepae
  19 centaur warriors
  2 merfolk avatars
  4 satyrs
  6 anacondas
  15 two-headed ogres
  5 naga warriors
  4 hell knights (Vaults:2)
  8 shock serpents
  3 naga sharpshooters (Snake:3)
  Urug (Lair:1)
  2 tengu warriors (D:15)
  Sonja (D:11)
  2 salamander mystics
  A skeletal warrior (Vaults:2)
  7 deep trolls
  A sea snake (Shoals:1)
  A wizard (Vaults:1)
  3 naga ritualists
  4 orc knights
  20 harpies
  A necromancer (Vaults:2)
  2 lindwurms
  2 ironbound convokers (Vaults:2)
  A deep elf pyromancer (D:15)
  3 ugly things
  3 oklob plants (Lair:1)
  A faun (shapeshifter) (D:15)
  7 mana vipers
  3 orc sorcerers (Orc:1)
  7 salamanders
  10 fauns
  8 manticores
  5 cyclopes
  5 merfolk sirens (Shoals:2)
  Maurice (D:8)
  4 vault sentinels
  4 water nymphs
  2 guardian serpents
  4 naga magi
  A torpor snail (Lair:1)
  5 elephants (Lair:5)
  12 black mambas
  A smoke demon (Abyss:1)
  18 cane toads
  3 kobold demonologists
  5 rime drakes
  10 yaktaurs
  An efreet (D:15)
  A freezing wraith (D:15)
  An unseen horror (D:10)
  8 komodo dragons
  2 tengu conjurers (D:15)
  7 trolls
  A queen bee (shapeshifter) (D:15)
  18 merfolk
  Grinder (D:3)
  10 polar bears
  A raiju (shapeshifter) (D:15)
  3 wind drakes
  12 blink frogs
  Prince Ribbit (D:7)
  A snapping turtle (Shoals:4)
  18 slime creatures
  55 yaks
  4 centaur simulacra (D:10)
  2 vampires (D:10)
  3 water elementals (Shoals:2)
  3 fire elementals (D:14)
  A wraith (Vaults:2)
  2 nameless horrors
  3 wyverns
  A hog (Shoals:2)
  3 humans (Shoals:2)
  6 basilisks
  2 steam dragons
  Eustachio (D:4)
  10 vampire mosquitoes
  5 wargs
  33 nagas
  8 water moccasins
  Edmund (D:4)
  An acid dragon (D:8)
  5 hell hounds (D:14)
  Duvessa (D:7)
  17 orc warriors
  3 ice beasts
  3 sky beasts
  14 wolves
  33 ogres
  5 centaurs (D:14)
  A phantom (D:4)
  7 kobold brigands
  5 scorpions
  16 bullfrogs
  3 gnoll sergeants
  Dowan (D:7)
  8 howler monkeys
  4 electric eels
  4 hounds
  11 orc priests
  3 jellies
  5 iguanas
  2 sleepcaps
  19 orc wizards
  Terence (D:3)
  18 gnolls
  7 adders
  3 shadow imps
  2 white imps (D:10)
  3 ufetubi (D:10)
  3 dart slugs
  57 orcs
  2 bats
  6 endoplasms
  3 giant cockroaches
  10 hobgoblins
  2 jackals (D:4)
  5 quokkas
  6 ball pythons
  2 frilled lizards
  6 goblins
  23 kobolds
  3 rats
837 creatures vanquished.

Vanquished Creatures (collateral kills)
  Margery (Vaults:2)
  Saint Roka (Orc:2)
  Mlioglotl (Shoals:3)
  Zenata (Vaults:1)
  Gastronok (D:11)
  Donald (Vaults:1)
  4 nagarajas (Snake:4)
  The ghost of octothorp the Marksmeteoran, a journeyman MeHu of Okawaru (Snake:3)
  3 vault wardens
  A formless jellyfish (Vaults:1)
  2 stone giants
  2 ironbound preservers
  7 dire elephants
  2 ironbound thunderhulks
  Azrael (D:14)
  3 merfolk javelineers (Shoals:4)
  2 ettins
  3 yaktaur captains (Vaults:2)
  6 merfolk impalers
  A vault guard (Vaults:2)
  An ogre mage (Orc:2)
  2 great orbs of eyes (Vaults:2)
  A hydra (D:13)
  4 two-headed ogres (Orc:2)
  A salamander tyrant (Snake:4)
  2 centaur warriors (Vaults:1)
  3 merfolk avatars
  6 boulder beetles
  An anaconda (Snake:3)
  3 ironbound frosthearts
  An alligator snapping turtle (Shoals:4)
  3 merfolk aquamancers (Shoals:4)
  6 death yaks
  A holy swine (Shoals:4)
  7 naga warriors
  5 naga sharpshooters
  2 shock serpents
  A hell knight (Vaults:2)
  2 skysharks (Shoals:2)
  8 sea snakes
  8 deep trolls
  4 cherubim (Shoals:4)
  3 lindwurms
  A wizard (Vaults:2)
  A glowing orange brain (Vaults:2)
  A phantasmal warrior (Vaults:3)
  4 harpies
  5 naga ritualists
  2 ironbound convokers
  A necromancer (Vaults:2)
  3 ugly things
  6 fauns
  3 mana vipers
  2 cyclopes
  2 salamanders
  4 merfolk sirens
  11 manticores
  4 naga magi
  2 black mambas
  2 water nymphs
  5 vault sentinels
  2 yaktaurs
  11 merfolk
  A dream sheep (Shoals:4)
  6 snapping turtles
  6 slime creatures
  A water elemental (Shoals:4)
  2 yaks (Shoals:4)
  A vampire (D:13)
  14 nagas
  2 orc warriors (Orc:2)
  5 ogres
  A kobold brigand (D:13)
  A nameless horror (Vaults:2)
  2 orcs
  A spectral weapon (Shoals:4)
234 creatures vanquished.

Vanquished Creatures (others)
  A merfolk impaler (Shoals:1)
  2 humans (Shoals:2)
  A bullfrog (Lair:1)
  A kobold (D:9)
5 creatures vanquished.

Grand Total: 1076 creatures vanquished

Table legend:
 A = Non-vault XP
 B = Vault XP
 C = Vault XP percentage of total XP
 D = Non-vault monster count
 E = Vault monster count
 F = Vault count percentage of total count
                 A         B        C        D         E       F
            +---------+---------+-------+---------+---------+-------
      Total |  247211 |  158201 |  39.0 |     752 |     313 |  29.4
            +---------+---------+-------+---------+---------+-------
        D:1 |      17 |       0 |   0.0 |      10 |       0 |   0.0
        D:2 |     116 |       0 |   0.0 |      21 |       0 |   0.0
        D:3 |      73 |     313 |  81.1 |      16 |       2 |  11.1
        D:4 |     642 |     426 |  39.9 |      30 |       6 |  16.7
        D:5 |     630 |       0 |   0.0 |      12 |       0 |   0.0
        D:6 |     328 |       0 |   0.0 |      10 |       0 |   0.0
        D:7 |     524 |     460 |  46.7 |       9 |       3 |  25.0
        D:8 |    1021 |     824 |  44.7 |      25 |       3 |  10.7
        D:9 |    1088 |     892 |  45.1 |      35 |       1 |   2.8
       D:10 |    1119 |    3410 |  75.3 |      20 |      23 |  53.5
       D:11 |    6241 |    3920 |  38.6 |      28 |       7 |  20.0
       D:12 |    6516 |       0 |   0.0 |      21 |       0 |   0.0
       D:13 |    3955 |    4504 |  53.2 |       9 |      18 |  66.7
       D:14 |    8136 |    3266 |  28.6 |      29 |      10 |  25.6
       D:15 |    6263 |    2712 |  30.2 |      14 |       3 |  17.6
     Lair:1 |    5663 |    4504 |  44.3 |      24 |      11 |  31.4
     Lair:2 |    5021 |       0 |   0.0 |      15 |       0 |   0.0
     Lair:3 |    8552 |       0 |   0.0 |      36 |       0 |   0.0
     Lair:4 |    3028 |       0 |   0.0 |      12 |       0 |   0.0
     Lair:5 |    6869 |    6183 |  47.4 |      19 |      15 |  44.1
   Shoals:1 |   16159 |       0 |   0.0 |      29 |       0 |   0.0
   Shoals:2 |   19497 |    5567 |  22.2 |      38 |       8 |  17.4
   Shoals:3 |    7914 |    6664 |  45.7 |      18 |       6 |  25.0
   Shoals:4 |   19370 |   27690 |  58.8 |      37 |      40 |  51.9
    Snake:1 |    6691 |    1040 |  13.5 |      15 |       4 |  21.1
    Snake:2 |   17911 |       0 |   0.0 |      33 |       0 |   0.0
    Snake:3 |   16885 |    5021 |  22.9 |      33 |       7 |  17.5
    Snake:4 |    7582 |   18658 |  71.1 |      20 |      32 |  61.5
      Orc:1 |    2426 |     533 |  18.0 |      14 |       4 |  22.2
      Orc:2 |    4980 |   20766 |  80.7 |      36 |      54 |  60.0
   Vaults:1 |   18566 |   11657 |  38.6 |      23 |      17 |  42.5
   Vaults:2 |   34776 |   22027 |  38.8 |      48 |      23 |  32.4
   Vaults:3 |    8102 |    5286 |  39.5 |      11 |       7 |  38.9
    Abyss:1 |     550 |       0 |   0.0 |       2 |       0 |   0.0
      IceCv |       0 |    1878 | 100.0 |       0 |       9 | 100.0
            +---------+---------+-------+---------+---------+-------

Skill      XL: |  1  2  3  4  5  6  7  8  9 10 11 12 13 14 15 16 17 18 19 |
---------------+----------------------------------------------------------+-----
Stealth        | 1 2 5 |  5.0
Spellcasting   | 2 3 4 5 6 8 9 10 14 16 17 19 21 | 21.1
Ice Magic      | 2 4 5 9 12 13 | 13.1
Conjurations   | 2 3 4 6 9 11 | 11.7
Dodging        | 3 6 8 10 | 10.0
Earth Magic    | 4 5 |  5.3
Fighting       | 4 6 9 11 14 15 | 15.3
Armour         | 6 |  6.5
Evocations     | 8 |  8.3
Short Blades   | 3 6 |  6.0
Summonings     | 6 9 |  9.4
Shields        | 3 10 | 10.9
Maces & Flails | |  2.9

Action                     |  1- 3 |  4- 6 |  7- 9 | 10-12 | 13-15 | 16-18 | 19-21 || total
---------------------------+-------+-------+-------+-------+-------+-------+-------++-------
  Melee: Flail             |     5 |       |       |       |       |       |       ||     5
         Dagger            |     2 |    24 |       |       |       |       |       ||    26
         Unarmed           |    14 |    25 |       |       |       |       |       ||    39
         Whip              |       |    20 |    49 |       |       |       |       ||    69
         Punch             |       |     1 |     1 |     2 |       |       |       ||     4
         Rapier            |       |       |    17 |   214 |   218 |   191 |    18 ||   658
         Long sword        |       |       |       |       |       |       |    16 ||    16
   Cast: Freeze            |    28 |    55 |    73 |     3 |       |       |       ||   159
         Hailstorm         |       |     6 |    34 |     6 |       |       |       ||    46
         Stone Arrow       |       |       |    71 |   190 |   183 |     2 |       ||   446
         Ozocubu's Refrige |       |       |       |    42 |   222 |   159 |    15 ||   438
         Lee's Rapid Decon |       |       |       |       |     4 |     3 |       ||     7
         Spellforged Servi |       |       |       |       |    24 |   108 |    13 ||   145
         Leda's Unmaking   |       |       |       |       |    11 |    39 |     2 ||    52
         Summon Forest     |       |       |       |       |     1 |       |       ||     1
         Simulacrum        |       |       |       |       |       |    12 |     1 ||    13
         Ozocubu's Armour  |       |       |       |       |       |     8 |       ||     8
 Invoke: Curse Item        |       |       |     3 |     5 |     3 |     4 |     1 ||    16
         Shatter the Chain |       |       |       |     1 |     2 |     4 |     1 ||     8
  Evoke: Wand              |       |       |     7 |     5 |     2 |    15 |       ||    29
         Phial of floods   |       |       |       |       |     1 |     1 |       ||     2
         Phantom mirror    |       |       |       |       |       |     3 |     1 ||     4
         Box of beasts     |       |       |       |       |       |       |     1 ||     1
    Use: Potion            |     1 |     2 |     1 |     5 |     1 |     1 |       ||    11
         Scroll            |       |       |    14 |     5 |     2 |     1 |       ||    22
   Stab: Sleeping          |     2 |       |     3 |       |     1 |       |       ||     6
         Paralysed         |       |       |       |     3 |       |       |       ||     3
         Petrified         |       |       |       |    10 |       |       |       ||    10
         Distracted        |       |       |       |       |     1 |     3 |     1 ||     5
 Armour: Robe              |    16 |    45 |    46 |       |       |       |       ||   107
         Skin              |    14 |    42 |       |       |       |       |       ||    56
         Troll leather arm |       |       |    32 |   172 |   117 |       |       ||   321
         Ring mail         |       |       |       |       |    25 |   143 |    19 ||   187
  Dodge: Dodged            |    14 |    45 |    97 |   277 |   217 |   156 |    26 ||   832
  Block: Other             |       |     6 |    25 |    87 |    13 |       |       ||   131
         Reflection        |       |       |     2 |     4 |    18 |    86 |     9 ||   119
         Buckler           |       |       |       |       |   157 |    31 |       ||   188
         Kite shield       |       |       |       |       |       |   347 |    55 ||   402

Illustrated notes

Table legend:
 A = Kills in this place as a percentage of kills in the entire game.
 B = Kills by you in this place as a percentage of kills by you in the entire game.
 C = Kills by friends in this place as a percentage of kills by friends in the entire game.
 D = Other kills in this place as a percentage of other kills in the entire game.
 E = Experience gained in this place as a percentage of experience gained in the entire game.
 F = Experience gained in this place divided by the number of levels of this place that you have seen.
                   A       B       C       D       E      F
               +-------+-------+-------+-------+-------+----------------------
         Total | 100.0 | 100.0 | 100.0 | 100.0 | 100.0 | 11583.2
       Dungeon |  34.3 |  41.8 |   7.3 |   0.0 |  14.2 | 3826.4
          Lair |  12.4 |  15.9 |   0.0 |   0.0 |   9.8 | 7964.0
        Shoals |  16.5 |  10.6 |  37.5 | 100.0 |  25.4 | 25715.2
     Snake Pit |  13.5 |  11.2 |  22.0 |   0.0 |  18.2 | 18447.0
  Orcish Mines |  10.1 |  11.4 |   5.6 |   0.0 |   7.1 | 14352.5
        Vaults |  12.1 |   7.8 |  27.6 |   0.0 |  24.8 | 33471.3
         Abyss |   0.2 |   0.2 |   0.0 |   0.0 |   0.1 | 550.0
      Ice Cave |   0.8 |   1.1 |   0.0 |   0.0 |   0.5 | 1878.0
               +-------+-------+-------+-------+-------+----------------------

Table legend: (Time is in decaauts)
 A = Elapsed time spent in this place.
 B = Non-inter-level travel time spent in this place.
 C = Inter-level travel time spent in this place.
 D = Time resting spent in this place.
 E = Time spent auto-exploring this place.
 F = Levels seen in this place.
 G = Mean time per level.
                   A        B        C        D        E       F      G
               +--------+--------+--------+--------+--------+-----+--------+
         Total |  48052 |  45759 |   2293 |   9424 |  29455 |  35 | 1372.9 |
       Dungeon |  19205 |  18217 |    988 |   3642 |  12201 |  15 | 1280.3 |
          Lair |   8692 |   8247 |    445 |    968 |   6296 |   5 | 1738.4 |
        Shoals |   5705 |   5488 |    217 |   1188 |   3144 |   4 | 1426.2 |
     Snake Pit |   5717 |   5539 |    178 |   1200 |   3547 |   4 | 1429.2 |
  Orcish Mines |   3112 |   2967 |    145 |   1231 |   1259 |   2 | 1556.0 |
        Vaults |   4906 |   4589 |    317 |    950 |   2878 |   3 | 1635.3 |
         Abyss |    319 |    319 |      0 |      0 |    118 |   1 |  319.0 |
      Ice Cave |    394 |    394 |      0 |    244 |     12 |   1 |  394.0 |
               +--------+--------+--------+--------+--------+-----+--------+

Top non-repeatable levels by time:
    D:10: 2638 daAuts
Vaults:2: 2389 daAuts
  Lair:5: 2118 daAuts
  Lair:3: 2085 daAuts
Vaults:1: 2057 daAuts
  Lair:1: 1996 daAuts
   Orc:1: 1855 daAuts
    D:12: 1692 daAuts
 Snake:4: 1631 daAuts
 Snake:2: 1629 daAuts
Shoals:3: 1585 daAuts
     D:9: 1574 daAuts
Shoals:1: 1561 daAuts
    D:15: 1483 daAuts
    D:14: 1437 daAuts
